[Event "Titled Tuesday Blitz March 01 Early 2022"]
[White "Gormally, Daniel W"]
[Black "Budrewicz, Krzysztof"]
[WhiteFideId "406465"]
[BlackFideId "1127950"]
[WhiteElo "2543"]
[BlackElo "2248"]
[Result "1-0"]
[Round "04"]
[TimeControl "180+1"]
[Date "2022.03.01"]
[WhiteClock "0:00:59"]
[BlackClock "0:00:36"]

1. c4 Nf6 2. Nf3 g6 3. Nc3 Bg7 4. e4 d6 5. d4 O-O 6. Be2 e5 7. O-O Na6 8. Bg5 h6 9. Bh4 g5 10. Bg3 Nh5 11. dxe5 Nxg3 12. hxg3 dxe5 13. a3 c6 14. b4 Qe7 15. c5 Nc7 16. Qd6 Qxd6 17. cxd6 Ne6 18. Rad1 Bd7 19. Bc4 Rfe8 20. Rfe1 f6 21. Nh2 Bf8 22. Ng4 Kg7 23. Ne3 Nd4 24. Ne2 Nxe2+ 25. Rxe2 Rad8 26. Red2 Kg6 27. g4 h5 28. f3 hxg4 29. fxg4 Ra8 30. Nf5 a5 31. Rb2 axb4 32. axb4 b5 33. Bb3 Ra3 34. Kf2 Rd8 35. Rd3 Ra1 36. Rbd2 Ra7 37. Rh3 Raa8 38. Rh8 Bxf5 39. gxf5+ Kg7 40. Rg8+ Kh7 41. Rd3 Bh6 42. Rg6 g4 43. Rd1 1-0


[Site "https://www.chess.com"]

[Event "Titled Tuesday Blitz March 01 Early 2022"]
[White "Goryachkina, Aleksandra"]
[Black "Bintang, Rasyid A. Hidayat"]
[WhiteFideId "4147103"]
[BlackFideId "7105355"]
[WhiteElo "2426"]
[BlackElo "2339"]
[Result "0-1"]
[Round "04"]
[TimeControl "180+1"]
[Date "2022.03.01"]
[WhiteClock "0:00:01"]
[BlackClock "0:00:15"]

1. e4 d5 2. exd5 Nf6 3. c4 c6 4. dxc6 Nxc6 5. Nc3 e5 6. d3 Bc5 7. Be3 Bxe3 8. fxe3 Qb6 9. Qd2 Bf5 10. Nd5 Nxd5 11. cxd5 Ne7 12. e4 Bd7 13. Nf3 f6 14. O-O-O Ba4 15. Kb1 Bxd1 16. Qxd1 Rc8 17. Be2 Ng6 18. g3 O-O 19. h4 Qe3 20. h5 Ne7 21. g4 Rc5 22. Nd2 Rfc8 23. Nc4 Qd4 24. d6 Nc6 25. Qb3 Kh8 26. g5 b5 27. Nd2 Qxd6 28. h6 gxh6 29. Qf7 Qf8 30. Qh5 Nd4 31. Bg4 fxg5 32. Bxc8 Qxc8 0-1


[Site "https://www.chess.com"]

[Event "Titled Tuesday Blitz March 01 Early 2022"]
[White "Gracia Alvarez, Gerardo Antonio"]
[Black "Mkrtchyan, Mariam"]
[WhiteFideId "5109124"]
[BlackFideId "13310828"]
[WhiteElo "2139"]
[BlackElo "1984"]
[Result "0-1"]
[Round "04"]
[TimeControl "180+1"]
[Date "2022.03.01"]
[WhiteClock "0:00:02"]
[BlackClock "0:00:02"]

1. c4 g6 2. d4 Bg7 3. e4 d6 4. Be2 Nd7 5. Nf3 e5 6. O-O Ne7 7. Nc3 O-O 8. Re1 Nc6 9. d5 Ne7 10. Bf1 h6 11. Nd2 f5 12. exf5 gxf5 13. f4 Ng6 14. fxe5 dxe5 15. Nf3 a6 16. Be3 Nf6 17. h3 e4 18. Nd4 f4 19. Bf2 e3 20. Qc2 exf2+ 21. Qxf2 Qd6 22. Ne6 Bxe6 23. Rxe6 Qd7 24. Bd3 Nh8 25. Rae1 Rf7 26. Bf5 Nh5 27. Bg4 Ng3 28. Rxh6 Qd8 29. Rhe6 Rf6 30. Re7 Ng6 31. R7e6 Qf8 32. Qc2 Nh4 33. Ne4 Rf7 34. Ng5 Ngf5 35. Nxf7 Qxf7 36. Kh2 Ne3 37. Qe4 Nxg4+ 38. hxg4 Rf8 39. Re7 Qf6 40. Qe6+ Qxe6 41. dxe6 f3 42. g3 f2 43. Rf1 Nf3+ 44. Kg2 Ne5 45. Rxf2 Rd8 46. Rxc7 Nxg4 47. e7 Re8 48. Rd2 Ne3+ 49. Kf3 Nf5 50. Rd8 Kf7 51. Rxe8 Kxe8 52. Rxb7 Nxe7 53. Rb6 Bd4 54. Rxa6 Bxb2 55. Re6 Kd7 56. Re2 Bf6 57. Ke4 Kc6 58. g4 Kc5 59. Kf4 Nc6 60. g5 Bd4 61. Kf5 Kxc4 62. Rc2+ Kb5 63. g6 Nb4 64. Rd2 Bc3 65. Rd7 Ka4 66. Ra7+ Kb5 67. Ke6 Bd4 68. Kf7 Kc4 69. Rc7+ Kd3 70. Ra7 Bxa7 71. g7 Nc6 72. g8=Q Bc5 73. Ke6 Nd4+ 0-1


[Site "https://www.chess.com"]

[Event "Titled Tuesday Blitz March 01 Early 2022"]
[White "Grafil, Franz Robert"]
[Black "Ahmadzada, Ahmad"]
[WhiteFideId "5205298"]
[BlackFideId "13413007"]
[WhiteElo "2211"]
[BlackElo "2228"]
[Result "1/2-1/2"]
[Round "04"]
[TimeControl "180+1"]
[Date "2022.03.01"]
[WhiteClock "0:00:03"]
[BlackClock "0:00:04"]

1. d4 Nf6 2. c4 e6 3. g3 Nc6 4. Nf3 Bb4+ 5. Bd2 Qe7 6. a3 Bxd2+ 7. Nbxd2 O-O 8. Bg2 d6 9. O-O e5 10. e3 a5 11. Qc2 a4 12. Rac1 g6 13. Qc3 Bf5 14. Nh4 Bd7 15. Rce1 Rfe8 16. f4 exd4 17. exd4 Qxe1 18. Rxe1 Rxe1+ 19. Nf1 Rae8 20. d5 Na5 21. Qxa5 Rb1 22. Qxc7 Rxb2 23. Qxd6 Kg7 24. h3 h5 25. Nh2 Re1+ 26. Bf1 Bxh3 27. N4f3 Rc1 28. Qe5 Rbb1 29. Nd2 Ra1 30. Ne4 Bxf1 31. Qxf6+ Kg8 32. Nxf1 Rxf1+ 33. Kg2 Rg1+ 34. Kf3 Rgf1+ 35. Ke3 Rfe1+ 36. Kd4 Rad1+ 37. Ke5 Re3 38. f5 Rde1 39. fxg6 Rxe4+ 40. Kd6 fxg6 41. Qxg6+ Kf8 42. Qxh5 Rxc4 43. Qh8+ Kf7 44. Qh7+ Kf8 45. Qxb7 Rce4 46. Qc8+ Kf7 47. Qf5+ Kg7 48. Qd7+ Kg6 49. Qc7 R1e3 50. g4 Rxa3 51. Qc2 Re3 52. Kd7 a3 53. d6 Kg5 54. Kd8 Re2 55. d7 Rxc2 1/2-1/2


[Site "https://www.chess.com"]

[Event "Titled Tuesday Blitz March 01 Early 2022"]
[White "Griffith, Kyron"]
[Black "Garriga Cazorla, Pere"]
[WhiteFideId "2046318"]
[BlackFideId "32011601"]
[WhiteElo "2232"]
[BlackElo "2458"]
[Result "0-1"]
[Round "04"]
[TimeControl "180+1"]
[Date "2022.03.01"]
[WhiteClock "0:00:11"]
[BlackClock "0:00:24"]

1. e4 c5 2. Nf3 d6 3. d4 cxd4 4. Nxd4 Nf6 5. Nc3 a6 6. Nb3 g6 7. Be2 Bg7 8. O-O b5 9. a3 Bb7 10. Bf3 Nbd7 11. Re1 O-O 12. Bf4 Rc8 13. Qd2 Qc7 14. Rac1 Ne5 15. Bxe5 dxe5 16. Qe3 h5 17. Rcd1 Kh7 18. g3 e6 19. h3 Bh6 20. Qe2 Rfe8 21. Rd3 Bf8 22. Red1 b4 23. axb4 Bxb4 24. Bg2 Kg7 25. g4 hxg4 26. hxg4 Red8 27. Bf3 Rxd3 28. Rxd3 a5 29. g5 Nh7 30. Qd2 Bc6 31. Qe3 Be7 32. Kg2 Nxg5 33. Ne2 a4 34. Nd2 Qb7 35. Nc4 Nxf3 36. Kxf3 Bxe4+ 37. Qxe4 Qxe4+ 38. Kxe4 Rxc4+ 39. Ke3 Rxc2 40. Nc3 Rxb2 41. Nxa4 Bg5+ 42. Kf3 e4+ 43. Kxe4 Rb4+ 44. Rd4 Rxd4+ 45. Kxd4 Be7 46. Ke4 Bd6 47. Nb6 f5+ 48. Kf3 Kf6 49. Nc4 Bc5 50. Kg3 e5 51. Kf3 e4+ 52. Kg3 g5 53. Nd2 Ke5 54. Nf1 Kd4 55. Nd2 Kd3 56. Nf1 Ke2 57. Kg2 Bxf2 58. Nh2 Bh4 59. Nf1 f4 60. Nh2 f3+ 61. Kg1 e3 62. Kh1 Bg3 63. Nf1 Bf4 64. Kg1 g4 65. Kh1 g3 66. Kg1 Ke1 67. Kh1 g2+ 0-1


[Site "https://www.chess.com"]

[Event "Titled Tuesday Blitz March 01 Early 2022"]
[White "Gubanov, Oleg"]
[Black "Sovetbekova, Nurai"]
[WhiteFideId "14115115"]
[BlackFideId "13801910"]
[WhiteElo "2080"]
[BlackElo "1545"]
[Result "1-0"]
[Round "04"]
[TimeControl "180+1"]
[Date "2022.03.01"]
[WhiteClock "0:01:20"]
[BlackClock "0:00:03"]

1. e4 c5 2. Nf3 d6 3. c3 Nf6 4. Bc4 Nc6 5. Qe2 e6 6. O-O Be7 7. Bb3 O-O 8. d4 cxd4 9. cxd4 d5 10. e5 Ne4 11. Nc3 Nxc3 12. bxc3 Bd7 13. Bc2 f5 14. exf6 Bxf6 15. Re1 Qc7 16. Qd3 g6 17. Bh6 Bg7 18. Bxg7 Kxg7 19. Ng5 Ne7 20. Nxe6+ Bxe6 21. Rxe6 Qd7 22. Rae1 Rae8 23. Qe3 Kf7 24. Qh3 Kg8 25. Qe3 Kf7 26. h4 Nf5 27. Bxf5 gxf5 28. Rxe8 Rxe8 29. Qxe8+ Qxe8 30. Rxe8 Kxe8 31. f3 Kd7 32. g4 fxg4 33. fxg4 Ke6 34. Kf2 b5 35. a3 a5 36. Kf3 Kf6 37. Kf4 h6 38. g5+ hxg5+ 39. hxg5+ Kg6 40. Ke5 1-0


[Site "https://www.chess.com"]

[Event "Titled Tuesday Blitz March 01 Early 2022"]
[White "Guseva, Marina"]
[Black "Moreira, Ronaldo Alonso"]
[WhiteFideId "4149351"]
[BlackFideId "2110547"]
[WhiteElo "2232"]
[BlackElo "2037"]
[Result "1-0"]
[Round "04"]
[TimeControl "180+1"]
[Date "2022.03.01"]
[WhiteClock "0:00:27"]
[BlackClock "0:00:01"]

1. d4 Nf6 2. Nf3 d5 3. Bf4 c5 4. e3 Nc6 5. Nbd2 Qb6 6. dxc5 Qxb2 7. Rb1 Qa3 8. Bb5 Qxc5 9. O-O Bf5 10. Nd4 Bd7 11. c4 dxc4 12. Nxc4 e5 13. Bxc6 exf4 14. Bxd7+ Nxd7 15. exf4 Qxc4 16. Re1+ Be7 17. Nf5 O-O 18. Nxe7+ Kh8 19. Qxd7 b6 20. Qd5 Qxf4 21. g3 Qf6 22. Nc6 Rac8 23. Rbc1 h6 24. Nxa7 Rcd8 25. Qc6 1-0


[Site "https://www.chess.com"]

[Event "Titled Tuesday Blitz March 01 Early 2022"]
[White "Hamley, Ryan"]
[Black "Talibov, Shiroghlan"]
[WhiteFideId "30959497"]
[BlackFideId "13429078"]
[WhiteElo "2547"]
[BlackElo "2070"]
[Result "1-0"]
[Round "04"]
[TimeControl "180+1"]
[Date "2022.03.01"]
[WhiteClock "0:00:30"]
[BlackClock "0:00:03"]

1. d4 Nf6 2. Nf3 e6 3. Bf4 Bd6 4. Bxd6 cxd6 5. e3 O-O 6. c4 b6 7. Nc3 Bb7 8. Bd3 Re8 9. Bc2 d5 10. cxd5 Nxd5 11. Nxd5 Bxd5 12. e4 Bb7 13. O-O d6 14. Qd3 Nc6 15. a3 a5 16. Rfd1 Qe7 17. Rac1 Red8 18. Ba4 Na7 19. d5 e5 20. Qb3 Ba6 21. Qxb6 Be2 22. Rc7 Qf6 23. Rxa7 Bxd1 24. Rxa8 Rxa8 25. Bxd1 g5 26. h3 h5 27. Qb7 Re8 28. Nd2 g4 29. hxg4 Qf4 30. Nf1 hxg4 31. Qd7 Rb8 32. Qxg4+ Qxg4 33. Bxg4 Rxb2 34. Bd7 Rb3 35. a4 Kg7 36. Ne3 Rb4 37. f3 Kf6 38. Bb5 Rb1+ 39. Kf2 Kg5 40. Nc4 Kf4 41. g3+ 1-0


[Site "https://www.chess.com"]

[Event "Titled Tuesday Blitz March 01 Early 2022"]
[White "Harris, Ian"]
[Black "Poormosavi, Seyed Kian"]
[WhiteFideId "2020092"]
[BlackFideId "12585807"]
[WhiteElo "2369"]
[BlackElo "2116"]
[Result "0-1"]
[Round "04"]
[TimeControl "180+1"]
[Date "2022.03.01"]
[WhiteClock "0:00:09"]
[BlackClock "0:00:06"]

1. e4 c5 2. d4 cxd4 3. c3 d3 4. Nf3 g6 5. Bxd3 Bg7 6. c4 Nc6 7. Nc3 d6 8. O-O Nf6 9. h3 O-O 10. Be3 Nd7 11. Rc1 a5 12. b3 Nc5 13. Bb1 Bxc3 14. Rxc3 b6 15. a4 e5 16. Qe2 f5 17. Bh6 Rf7 18. Rd1 Qc7 19. Qd2 Ne6 20. exf5 gxf5 21. Qxd6 e4 22. Qxc7 Rxc7 23. Nh4 Ncd4 24. Rg3+ Kh8 25. Be3 Ne2+ 26. Kh2 Nxg3 27. fxg3 Rf7 28. Bc1 Bb7 29. Bb2+ Kg8 30. Rd6 Nc5 31. Rxb6 Re8 32. Rb5 Nd3 33. Bc3 Bc8 34. Bxa5 Nf2 35. Kg1 e3 36. Kf1 Nh1 37. Ke1 Nxg3 38. Bc3 Rd8 39. Bc2 Ne4 40. Bxe4 fxe4 41. Rd5 Rxd5 42. cxd5 Ba6 43. Kd1 Rf1+ 44. Be1 e2+ 45. Kd2 e3+ 46. Kxe3 Rxe1 47. Nf3 Rd1 48. Ke4 e1=Q+ 49. Nxe1 Rxe1+ 50. Kd4 Bf1 51. g3 Bxh3 52. d6 Be6 53. b4 Rb1 54. Kc5 Rc1+ 55. Kb6 Rc3 56. b5 Rxg3 57. a5 Ra3 58. a6 h5 59. a7 Kf7 60. Kb7 Bd5+ 61. Kb6 Ke8 62. Kc5 Ba8 63. b6 Kd7 64. Kb5 Bb7 65. Kb4 Ra1 66. Kc5 h4 67. Kd4 h3 68. Ke5 h2 0-1


[Site "https://www.chess.com"]

[Event "Titled Tuesday Blitz March 01 Early 2022"]
[White "Heinemann, Josefine"]
[Black "Karttunen, Mika"]
[WhiteFideId "12900460"]
[BlackFideId "502081"]
[WhiteElo "2300"]
[BlackElo "2343"]
[Result "1/2-1/2"]
[Round "04"]
[TimeControl "180+1"]
[Date "2022.03.01"]
[WhiteClock "0:00:09"]
[BlackClock "0:00:11"]

1. Nf3 Nf6 2. g3 d5 3. Bg2 g6 4. O-O Bg7 5. d4 O-O 6. c4 c6 7. cxd5 cxd5 8. Ne5 Nc6 9. Nxc6 bxc6 10. Nc3 Rb8 11. Qa4 Qd7 12. Rb1 Rb6 13. Bf4 Qb7 14. b4 Bf5 15. Rb2 Nd7 16. e3 e5 17. dxe5 Nxe5 18. Bxe5 Bxe5 19. Rc1 Rb8 20. a3 Bd3 21. Qd1 Bc4 22. Rd2 a5 23. bxa5 Ra6 24. Ne2 Rxa5 25. Nd4 Rxa3 26. e4 Qb6 27. exd5 cxd5 28. Nc2 Ra2 29. Ne3 Rxd2 30. Qxd2 Bb2 31. Rd1 Bb3 32. Rb1 Ba2 33. Rd1 d4 34. Nd5 Qb3 35. Nf6+ Kg7 36. Ng4 Bc3 37. Qh6+ Kh8 38. Rf1 d3 39. Qe3 Bg7 40. Ne5 Kg8 41. Ng4 Rf8 42. Nh6+ Kh8 43. Ng4 Bb1 44. Qd2 Bc2 45. Ne3 Qc3 46. Qxc3 Bxc3 47. Nxc2 dxc2 48. Rc1 Re8 49. Rxc2 Re1+ 50. Bf1 Bd4 51. Kg2 Be5 52. Re2 Rxe2 53. Bxe2 Kg7 54. h4 Bd4 55. Bf3 h6 56. Be2 g5 57. hxg5 hxg5 58. Bf3 Kf6 59. g4 Be5 60. Be2 Bf4 61. Bf3 Be5 62. Be2 Bf4 63. Bf3 Be5 1/2-1/2


[Site "https://www.chess.com"]

[Event "Titled Tuesday Blitz March 01 Early 2022"]
[White "Horobetz, Graham"]
[Black "Horak, Martin"]
[WhiteFideId "2047322"]
[BlackFideId "367095"]
[WhiteElo "2618"]
[BlackElo "1997"]
[Result "1/2-1/2"]
[Round "04"]
[TimeControl "180+1"]
[Date "2022.03.01"]
[WhiteClock "0:00:18"]
[BlackClock "0:00:18"]

1. e4 e5 2. Nf3 Nc6 3. Bb5 Nf6 4. O-O Nxe4 5. Re1 Nd6 6. Nxe5 Be7 7. Bf1 Nxe5 8. Rxe5 O-O 9. d4 Bf6 10. Re1 Nf5 11. d5 Re8 12. Nd2 Rxe1 13. Qxe1 d6 14. Ne4 Bd4 15. c3 Bb6 16. Bg5 f6 17. Bf4 Ne7 18. a4 a5 19. Ng3 Ng6 20. Be3 Bxe3 21. Qxe3 Qe7 22. Qd2 Bd7 23. Re1 Qf7 24. Bb5 Bxb5 25. axb5 Re8 26. Nf5 Re5 27. Rxe5 fxe5 28. Ne3 Qf4 29. c4 b6 30. Qd3 Ne7 31. g3 Qf3 32. h4 g6 33. Qd2 Nf5 34. Nxf5 Qxf5 35. Kh2 Kg7 36. b3 h6 37. Qe3 g5 38. hxg5 hxg5 39. Kg2 g4 40. Kh2 Kg6 41. Kg2 e4 42. Qf4 Qxf4 43. gxf4 Kf6 44. Kh2 Kg6 45. Kg2 Kf6 46. Kh2 Kg6 47. Kg2 1/2-1/2


[Site "https://www.chess.com"]

[Event "Titled Tuesday Blitz March 01 Early 2022"]
[White "Indjic, Aleksandar"]
[Black "Kosakowski, Jakub"]
[WhiteFideId "911925"]
[BlackFideId "1185080"]
[WhiteElo "2616"]
[BlackElo "2476"]
[Result "1-0"]
[Round "04"]
[TimeControl "180+1"]
[Date "2022.03.01"]
[WhiteClock "0:01:27"]
[BlackClock "0:00:33"]

1. d4 Nf6 2. Nf3 d5 3. Bg5 Ne4 4. Bf4 c5 5. e3 Nc6 6. c3 Qb6 7. Qc1 Bf5 8. Nbd2 h6 9. h3 e6 10. Be2 Be7 11. O-O O-O 12. Ne5 Nxe5 13. Bxe5 Rac8 14. Nxe4 Bxe4 15. Qd2 Rfd8 16. Rac1 Qc6 17. Bd3 Bxd3 18. Qxd3 b5 19. Qe2 a5 20. Qg4 f6 21. Bf4 Kh7 22. h4 g5 23. hxg5 hxg5 24. Bg3 Kg7 25. Rfe1 f5 26. Be5+ Kg6 27. Qe2 Bf6 28. Bxf6 Kxf6 29. f3 Kg6 30. Kf2 Qd6 31. Qxb5 c4 32. Qa4 g4 33. Rh1 Rh8 34. f4 Qb8 35. Qa3 Kf6 36. Rxh8 Rxh8 37. b3 g3+ 38. Kxg3 Qg8+ 39. Kf2 Rh2 40. Rg1 Qg4 41. Qf8+ Kg6 42. Qg8+ Kf6 43. Qxg4 fxg4 44. bxc4 dxc4 45. e4 1-0


[Site "https://www.chess.com"]

[Event "Titled Tuesday Blitz March 01 Early 2022"]
[White "Jakubowska, Anna"]
[Black "Freitag, Manfred"]
[WhiteFideId "1121952"]
[BlackFideId "1602004"]
[WhiteElo "1924"]
[BlackElo "2275"]
[Result "0-1"]
[Round "04"]
[TimeControl "180+1"]
[Date "2022.03.01"]
[WhiteClock "0:00:53"]
[BlackClock "0:01:22"]

1. e4 c6 2. d4 d5 3. e5 Bf5 4. Nf3 e6 5. Be2 c5 6. Be3 Qb6 7. Nc3 Nc6 8. O-O Qxb2 9. Nb5 c4 10. Nc7+ Kd7 11. Nxa8 Bxc2 12. Qc1 Ba3 13. Ng5 Nh6 14. Bd1 Bd3 15. Re1 Rxa8 16. Ba4 b5 17. Qxb2 Bxb2 18. Bxb5 Bxa1 19. Rxa1 Rb8 20. a4 Kc7 21. h3 Nb4 22. Bd2 Nc6 23. Nf3 Nf5 24. Ne1 Nfxd4 25. Nxd3 cxd3 26. Bxd3 Nb3 27. Ra2 Nxd2 28. Rxd2 Nxe5 29. Bxh7 g6 30. Rc2+ Nc4 31. Re2 Kd6 0-1


[Site "https://www.chess.com"]

[Event "Titled Tuesday Blitz March 01 Early 2022"]
[White "Janaszak, Dawid"]
[Black "Gabrielian, Artur"]
[WhiteFideId "1119206"]
[BlackFideId "4131002"]
[WhiteElo "2199"]
[BlackElo "2440"]
[Result "0-1"]
[Round "04"]
[TimeControl "180+1"]
[Date "2022.03.01"]
[WhiteClock "0:00:03"]
[BlackClock "0:00:26"]

1. e4 c5 2. Nc3 d6 3. f4 Nc6 4. Nf3 Nf6 5. Bc4 e6 6. O-O Be7 7. d3 O-O 8. e5 dxe5 9. fxe5 Nxe5 10. Nxe5 Qd4+ 11. Kh1 Qxe5 12. Nb5 Bd7 13. Bf4 Qh5 14. Qe1 Bc6 15. a4 Nd5 16. Bg3 a6 17. Nc3 Nb4 18. Bb3 Rad8 19. Ne4 Qg6 20. Qf2 Kh8 21. Nxc5 Nd5 22. d4 Bxc5 23. dxc5 Nf6 24. Rad1 Ne4 25. Qf4 Rxd1 26. Rxd1 f5 27. Kg1 h6 28. c3 Kh7 29. Bc2 Rf7 30. Bxe4 Bxe4 31. Rd2 Bc6 32. a5 e5 33. Qxe5 f4 34. Bxf4 Qb1+ 35. Kf2 g5 36. g3 gxf4 37. gxf4 Qh1 38. Ke3 Qf3+ 39. Kd4 Rxf4+ 0-1


[Site "https://www.chess.com"]

[Event "Titled Tuesday Blitz March 01 Early 2022"]
[White "Jarocka, Liwia"]
[Black "Butti, Enrique"]
[WhiteFideId "21807558"]
[BlackFideId "3700470"]
[WhiteElo "1896"]
[BlackElo "2080"]
[Result "1-0"]
[Round "04"]
[TimeControl "180+1"]
[Date "2022.03.01"]
[WhiteClock "0:00:10"]
[BlackClock "0:00:02"]

1. d4 Nf6 2. c4 e6 3. Nc3 c5 4. Nf3 d5 5. cxd5 Nxd5 6. e4 Nxc3 7. bxc3 cxd4 8. cxd4 Nc6 9. Be2 Bb4+ 10. Bd2 Bxd2+ 11. Qxd2 O-O 12. O-O b6 13. Rfd1 Bb7 14. d5 exd5 15. exd5 Na5 16. Rac1 Qd6 17. Nd4 Qxd5 18. Bf3 Qd7 19. Bxb7 Qxb7 20. Nf5 f6 21. Qf4 Rad8 22. Re1 Rd7 23. h4 Rfd8 24. h5 h6 25. Qg4 Kh8 26. Qg6 Qb8 27. g3 Nb7 28. Nxh6 gxh6 29. Qxh6+ Rh7 30. Qxf6+ Kg8 31. Re4 Rg7 32. Qe6+ Kh7 33. Qf5+ Kg8 34. Qe6+ Kh7 35. Qf5+ Kh8 36. h6 Rgd7 37. Qf6+ Kh7 38. Re7+ Rxe7 39. Qxe7+ Kxh6 40. Rc6+ Rd6 41. Qe3+ Kg7 42. Qg5+ Kf7 43. Qf5+ Ke7 44. Rc4 Nc5 45. Rf4 Re6 46. Qf7+ Kd6 47. Rd4+ Kc6 48. Rc4 Kb5 49. Rxc5+ Kxc5 50. Qxe6 Qd6 51. Qe3+ 1-0


[Site "https://www.chess.com"]

[Event "Titled Tuesday Blitz March 01 Early 2022"]
[White "Jary, Sergey"]
[Black "Fier, Alexandr"]
[WhiteFideId "14110350"]
[BlackFideId "2107139"]
[WhiteElo "2260"]
[BlackElo "2569"]
[Result "1-0"]
[Round "04"]
[TimeControl "180+1"]
[Date "2022.03.01"]
[WhiteClock "0:00:53"]
[BlackClock "0:00:29"]

1. e4 e5 2. Nf3 d6 3. d4 exd4 4. Nxd4 Nf6 5. Nc3 g6 6. Be3 Bg7 7. f3 O-O 8. Qd2 Nc6 9. O-O-O a6 10. g4 Nxd4 11. Bxd4 c5 12. Be3 Qa5 13. Kb1 Be6 14. h4 b5 15. h5 b4 16. Nd5 Bxd5 17. exd5 Rfe8 18. Bf4 Nd7 19. hxg6 fxg6 20. Qh2 Nf6 21. Bc4 Qc7 22. Bxd6 Qd7 23. Bf4 Qf7 24. g5 Nh5 25. Bc7 Kh8 26. Bb3 c4 27. Ba4 Rec8 28. d6 b3 29. axb3 c3 30. d7 Rd8 31. Bxd8 Rxd8 32. Qc7 Qf8 33. Rhe1 Qxf3 34. Qxd8+ 1-0


[Site "https://www.chess.com"]

[Event "Titled Tuesday Blitz March 01 Early 2022"]
[White "Jones, Gawain C B"]
[Black "Gadimbayli, Abdulla"]
[WhiteFideId "409561"]
[BlackFideId "13404938"]
[WhiteElo "2657"]
[BlackElo "2282"]
[Result "1-0"]
[Round "04"]
[TimeControl "180+1"]
[Date "2022.03.01"]
[WhiteClock "0:01:36"]
[BlackClock "0:01:50"]

1. Nf3 d5 2. g3 Nc6 3. d4 Bg4 4. Bg2 Qd7 5. O-O f6 6. c4 dxc4 7. d5 O-O-O 8. Nc3 Nb4 9. Qd4 Kb8 10. Be3 b6 11. Qxc4 Bxf3 12. Bxf3 Nc2 13. Nb5 1-0


[Site "https://www.chess.com"]

[Event "Titled Tuesday Blitz March 01 Early 2022"]
[White "Jumabayev, Rinat"]
[Black "Agasarov, Benik"]
[WhiteFideId "13702661"]
[BlackFideId "13314823"]
[WhiteElo "2561"]
[BlackElo "2585"]
[Result "1-0"]
[Round "04"]
[TimeControl "180+1"]
[Date "2022.03.01"]
[WhiteClock "0:00:17"]
[BlackClock "0:00:50"]

1. d4 Nf6 2. Bf4 e6 3. e3 d5 4. Nf3 c5 5. Nbd2 Bd6 6. Bg3 Qc7 7. c4 Bxg3 8. hxg3 dxc4 9. Nxc4 Nbd7 10. Rc1 b6 11. dxc5 Nxc5 12. b4 Nce4 13. Nce5 Qe7 14. Bb5+ Bd7 15. Bxd7+ Nxd7 16. Nc6 Qd6 17. Qc2 Ndf6 18. O-O O-O 19. Rfd1 Qc7 20. Rd4 Nd6 21. g4 Nb5 22. Rdd1 Qb7 23. Qc4 Nc7 24. Ne7+ Kh8 25. Qxc7 Qa6 26. g5 Ne4 27. Rd4 f5 28. Ne5 Qxa2 29. N5g6+ hxg6 30. Qh2# 1-0


[Site "https://www.chess.com"]

[Event "Titled Tuesday Blitz March 01 Early 2022"]
[White "Kadam, Om Manish"]
[Black "Bortnyk, Olexandr"]
[WhiteFideId "45076294"]
[BlackFideId "14120828"]
[WhiteElo "1729"]
[BlackElo "2723"]
[Result "0-1"]
[Round "04"]
[TimeControl "180+1"]
[Date "2022.03.01"]
[WhiteClock "0:00:22"]
[BlackClock "0:00:47"]

1. e4 Nf6 2. e5 Nd5 3. d4 d6 4. Nf3 dxe5 5. dxe5 Bg4 6. c4 Nb4 7. Qxd8+ Kxd8 8. Na3 N8c6 9. Bf4 e6 10. O-O-O+ Ke8 11. Nb5 Na6 12. a3 Bc5 13. Bg3 Rd8 14. Bd3 Nd4 15. Nbxd4 Bxd4 16. Be4 Nc5 17. Bc2 Bxf3 18. gxf3 a5 19. Rd2 Bxb2+ 20. Kd1 Rxd2+ 21. Kxd2 Bxa3 22. Ke3 Kd7 23. f4 g6 24. Bd1 c6 25. Bf3 Kc7 26. Bh4 Nd7 27. Rb1 Bc5+ 28. Ke2 Nb6 29. Kd3 a4 30. Bf6 Ra8 31. h4 a3 32. Ra1 a2 33. Kc3 Ra3+ 0-1


[Site "https://www.chess.com"]

[Event "Titled Tuesday Blitz March 01 Early 2022"]
[White "Kamsky, Gata"]
[Black "Kucuksari, Kaan"]
[WhiteFideId "2000024"]
[BlackFideId "6380166"]
[WhiteElo "2645"]
[BlackElo "2305"]
[Result "1/2-1/2"]
[Round "04"]
[TimeControl "180+1"]
[Date "2022.03.01"]
[WhiteClock "0:00:18"]
[BlackClock "0:00:51"]

1. e4 c5 2. Nf3 e6 3. d4 cxd4 4. Nxd4 a6 5. Nc3 Qc7 6. Be2 b5 7. O-O Bb7 8. Re1 Bd6 9. g3 Be5 10. f4 Bxd4+ 11. Qxd4 Nf6 12. a3 Nc6 13. Qf2 b4 14. axb4 Nxb4 15. Bf3 O-O 16. Be3 Rfc8 17. Bd4 Qd8 18. Ra4 a5 19. Bb6 Qe7 20. Rxa5 Rxa5 21. Bxa5 d5 22. exd5 Nbxd5 23. Nxd5 Bxd5 24. Bxd5 Nxd5 25. f5 1/2-1/2


[Site "https://www.chess.com"]

[Event "Titled Tuesday Blitz March 01 Early 2022"]
[White "Karabalis, Harilos"]
[Black "Brodowski, Piotr"]
[WhiteFideId "4621808"]
[BlackFideId "1124480"]
[WhiteElo "2168"]
[BlackElo "2422"]
[Result "0-1"]
[Round "04"]
[TimeControl "180+1"]
[Date "2022.03.01"]
[WhiteClock "0:00:12"]
[BlackClock "0:00:18"]

1. e4 c5 2. a3 g6 3. h4 h5 4. Bc4 Bg7 5. d3 Nc6 6. Nc3 Nf6 7. Nge2 O-O 8. Ba2 Rb8 9. Nf4 e6 10. Be3 d6 11. a4 Ng4 12. Bd2 Bd4 13. Nh3 Qxh4 14. Bg5 Bxf2+ 15. Kf1 Qg3 16. Ne2 Nh2+ 17. Rxh2 Qxh2 18. Kxf2 e5 19. Neg1 Bg4 20. Qd2 Kh7 21. Bf6 Rbe8 22. Rf1 Nd4 23. c3 Ne6 24. Bh4 f5 25. exf5 Rxf5+ 26. Ke1 Nf4 27. Rf2 Bxh3 28. gxh3 Qxg1+ 29. Rf1 Ng2+ 0-1


[Site "https://www.chess.com"]

[Event "Titled Tuesday Blitz March 01 Early 2022"]
[White "Karavaeva, Olga"]
[Black "Bogumil, Tatiana"]
[WhiteFideId "4124111"]
[BlackFideId "4110579"]
[WhiteElo "2105"]
[BlackElo "1862"]
[Result "0-1"]
[Round "04"]
[TimeControl "180+1"]
[Date "2022.03.01"]
[WhiteClock "0:01:24"]
[BlackClock "0:00:34"]

1. c4 Nf6 2. Nc3 b6 3. g3 Bb7 4. Nf3 g6 5. Bg2 Bg7 6. O-O O-O 7. d4 c5 8. d5 d6 9. e4 b5 10. cxb5 a6 11. bxa6 Bxa6 12. Re1 Ng4 13. h3 Ne5 14. Nxe5 Bxe5 15. Be3 Nd7 16. f4 Bg7 17. Qd2 Qa5 18. Bf1 Bxf1 19. Rxf1 Rfb8 20. Rfc1 Rb4 21. Rc2 Bxc3 22. Rxc3 Rxe4 23. f5 Ne5 24. Bf4 Qb4 25. Bxe5 Rxe5 26. fxg6 hxg6 27. a3 Qe4 28. Rd3 Kg7 29. Rf1 Rh8 30. Kh2 Qg4 0-1


[Site "https://www.chess.com"]

[Event "Titled Tuesday Blitz March 01 Early 2022"]
[White "Kejzar, Petra"]
[Black "Sinitsina, Anastassia"]
[WhiteFideId "14610213"]
[BlackFideId "4504640"]
[WhiteElo "2006"]
[BlackElo "2144"]
[Result "0-1"]
[Round "04"]
[TimeControl "180+1"]
[Date "2022.03.01"]
[WhiteClock "0:00:01"]
[BlackClock "0:00:59"]

1. e4 e5 2. Nf3 Nc6 3. Bb5 a6 4. Ba4 Nf6 5. O-O Nxe4 6. Re1 Nc5 7. Bxc6 dxc6 8. Nxe5 Be7 9. d4 Ne6 10. Qh5 O-O 11. c3 c5 12. Be3 cxd4 13. cxd4 Nxd4 14. Nc3 Nc2 15. Rad1 Bd6 16. Re2 Nxe3 17. Rxe3 Qf6 18. Ng4 Qg6 19. Qxg6 hxg6 20. h3 Be6 21. Ne5 Bxe5 22. Rxe5 Rfd8 23. Rxd8+ Rxd8 24. Kf1 Rd2 25. b3 Rc2 26. Rc5 c6 27. Ke1 Kf8 28. f3 Rxg2 29. Kf1 Bxh3 30. Ne4 Rxa2+ 0-1


[Site "https://www.chess.com"]